 Dungeon Crawl Stone Soup version 0.21.1-1-g345015fe64 (webtiles) character file.

464 Lothor the Cleaver (level 6, -1/51 HPs)
             Began as a Minotaur Fighter on Apr 17, 2018.
             Slain by a sky beast (3 damage)
             ... on level 5 of the Dungeon.
             The game lasted 00:05:57 (3488 turns).

Lothor the Cleaver (Minotaur Fighter)               Turns: 3488, Time: 00:05:58

Health: -1/51      AC:  6    Str: 26    XL:     6   Next: 80%
Magic:  5/5        EV:  7    Int:  5    God:
Gold:   172        SH: 10    Dex: 11    Spells: 5/5 levels left

rFire    . . .     SeeInvis .   a - +0 war axe
rCold    + . .     Gourm    .   c - +0 shield
rNeg     . . .     Faith    .   b - +0 scale mail
rPois    .         Spirit   .   (helmet restricted)
rElec    .         Reflect  .   (no cloak)
rCorr    .         Harm     .   (no gloves)
MR       .....                  (no boots)
Stlth    ..........             (no amulet)
HPRegen  0.17/turn              j - ring of protection from cold
MPRegen  0.09/turn              (no ring)

@: mighty
A: retaliatory headbutt, horns 2
a: no special abilities


You were on level 5 of the Dungeon.
You were not hungry.

You visited 1 branch of the dungeon, and saw 5 of its levels.

You collected 172 gold pieces.

Inventory:

Hand Weapons
 a - a +0 war axe (weapon)
Missiles
 s - a throwing net (quivered)
Armour
 b - a +0 scale mail (worn)
 c - a +0 shield (worn)
Jewellery
 j - a ring of protection from cold (left hand)
Scrolls
 h - 2 scrolls of remove curse {unknown}
 l - a scroll of blinking {unknown}
 m - 3 scrolls of identify {unknown}
 n - 2 scrolls of amnesia {unknown}
 o - 5 scrolls of enchant weapon {unknown}
 p - a scroll of fog {unknown}
Potions
 d - 2 potions of might
 e - 2 potions of lignification {unknown}
 g - a potion of heal wounds {unknown}
 i - a potion of degeneration {unknown}
 k - 3 potions of curing {unknown}
 q - a potion of agility {unknown}
 r - a potion of haste {unknown}
 t - a potion of ambrosia {unknown}
 v - a potion of mutation {unknown}
Comestibles
 f - 9 rations


   Skills:
 - Level 3.6 Fighting
 + Level 8.9 Axes
 - Level 3.6 Armour
 - Level 3.6 Shields


You had 5 spell levels left.
You didn't know any spells.

Dungeon Overview and Level Annotations

Branches:
Dungeon (5/15)
 Temple: D:4-7

Altars:
Elyvilon
Gozag
Qazlal
Trog


Innate Abilities, Weirdness & Mutations

You reflexively headbutt those who attack you in melee.
You have a pair of horns on your head.


Message History

Something shocks you.
* * * LOW HITPOINT WARNING * * *
A sky beast appears from thin air!
Reactivating autopickup.
You block the sky beast's attack.
You feel very mighty all of a sudden. The sky beast hits you.
* * * LOW HITPOINT WARNING * * *
The sky beast shocks you.
* * * LOW HITPOINT WARNING * * *
You closely miss the sky beast.
The sky beast is moderately wounded.
The sky beast hits you but does no damage.
All of the chunks of flesh in your inventory have rotted away.
You closely miss the sky beast.
The sky beast is moderately wounded.
The sky beast flickers out of sight!
Deactivating autopickup; reactivate with Ctrl-A.
Something hits you.
You die...

... #.. .. #.. #.. #.#
#..# #.# #..# #.# #..##
#.## #{?## # #..# #@.##
.## # ##..## ##..###....
####....### ##......#
..........# #.....##
..........## ###>....#
#..........#####.......#
#...............#####...#
##....####....### ...#
###### ##..## ....


There were no monsters in sight!

Vanquished Creatures
  2 ogres (D:4)
  A big kobold (D:5)
  A vampire bat (D:4)
  A worker ant (D:4)
  The ghost of metalgear the Chopper, a weakling MiMo (D:3)
  A hound skeleton (D:4)
  4 adders
  A howler monkey skeleton (D:4)
  A worm (D:4)
  A dart slug (D:4)
  2 orcs
  10 bats
  6 giant cockroaches
  6 goblins
  12 hobgoblins
  4 jackals (D:2)
  17 kobolds
  A quokka (D:2)
  6 frilled lizards
  3 rats
81 creatures vanquished.

Notes
Turn   | Place    | Note
-------+----------+-------------------------------------------
     0 | D:1      | Lothor the Minotaur Fighter began the quest for the Orb.
     0 | D:1      | Reached XP level 1. HP: 19/19 MP: 0/0
    61 | D:1      | Reached skill level 3 in Axes
   173 | D:1      | Reached XP level 2. HP: 23/26 MP: 1/1
   337 | D:1      | Reached skill level 4 in Axes
   653 | D:1      | Reached XP level 3. HP: 31/31 MP: 2/2
  1039 | D:2      | Reached skill level 5 in Axes
  1582 | D:3      | Found a bloodstained altar of Trog.
  1655 | D:3      | Reached XP level 4. HP: 39/39 MP: 3/3
  1977 | D:3      | Found a bloodstained altar of Trog.
  2180 | D:3      | Noticed metalgear's ghost (weakling MiMo)
  2191 | D:3      | Killed metalgear's ghost
  2391 | D:4      | Found a stormy altar of Qazlal.
  2467 | D:4      | Found a white marble altar of Elyvilon.
  2483 | D:4      | Reached skill level 6 in Axes
  2485 | D:4      | Reached XP level 5. HP: 31/45 MP: 4/4
  2610 | D:4      | Noticed an ogre
  2618 | D:4      | Killed an ogre
  2618 | D:4      | Reached skill level 7 in Axes
  2792 | D:4      | Reached XP level 6. HP: 50/51 MP: 5/5
  2984 | D:4      | Reached skill level 8 in Axes
  3207 | D:5      | Entered Level 5 of the Dungeon
  3207 | D:5      | Found an opulent altar of Gozag.
  3475 | D:5      | Noticed a sky beast
  3486 | D:5      | HP: 1/51 [sky beast (5)]
  3488 | D:5      | Slain by a sky beast

Skill      XL: |  1  2  3  4  5  6 |
---------------+-------------------+-----
Axes           | 3 4 5 6 7 8 |  8.9
Fighting       | |  3.6
Armour         | |  3.6
Shields        | |  3.6

Action                   |  1- 3 |  4- 6 || total
-------------------------+-------+-------++-------
Melee: War axe           |    99 |   118 ||   217
       Headbutt          |     7 |    23 ||    30
  Use: Potion            |       |     1 ||     1
  Eat: Chunk             |     1 |     7 ||     8
Armor: Scale mail        |    44 |    48 ||    92
Dodge: Dodged            |    22 |    38 ||    60
Block: Shield            |    57 |    74 ||   131
